 Dungeon Crawl Stone Soup version 0.21-a0-584-g185da8e (webtiles) character file.

15844 SpeedyPerson7 the Severer (level 12, 0/171 (172) HPs)
             Began as a Minotaur Berserker on Dec 20, 2017.
             Was a High Priest of Trog.
             Slain by a salamander
             ... wielding a cursed -2 glaive
              (5 damage)
             ... in a volcano.
             The game lasted 00:09:15 (7823 turns).

SpeedyPerson7 the Severer (Minotaur Berserker)      Turns: 7823, Time: 00:09:16

HP:   0/171 (172)   AC: 12    Str: 31    XL:     12   Next: 4%
MP:   11/11         EV:  8    Int:  4    God:    Trog [*****.]
Gold: 345           SH:  0    Dex: 11    Spells: 11/11 levels left

rFire    . . .     SeeInvis .   C - +1 broad axe (freeze)
rCold    . . .     Gourm    .   (no shield)
rNeg     + . .     Faith    .   r - -1 plate armour (curse)
rPois    .         Spirit   .   (helmet restricted)
rElec    .         Reflect  .   v - +0 cloak
rCorr    .         Harm     .   (no gloves)
MR       .....                  u - +0 pair of boots
Stlth    ..........             (no amulet)
HPRegen  0.38/turn              q - ring of positive energy
MPRegen  0.12/turn              (no ring)

@: berserking, very quick
A: retaliatory headbutt, horns 2
a: Berserk, Trog's Hand, Brothers in Arms, Burn Spellbooks, Renounce Religion


You were in a volcano.
You worshipped Trog.
Trog was extremely pleased with you.
You were very hungry.

You visited 2 branches of the dungeon, and saw 12 of its levels.
You also visited: Volcano.

You collected 423 gold pieces.
You spent 78 gold pieces at shops.

Inventory:

Hand Weapons
 z - a +0 battleaxe
 C - a +1 broad axe of freezing (weapon)
Missiles
 k - 2 throwing nets (quivered) {!f}
Armour
 b - a +0 animal skin
 d - a +1 plate armour
 r - a cursed -1 plate armour (worn)
 u - a +0 pair of boots (worn)
 v - a +0 cloak (worn)
 H - a +2 chain mail of fire resistance
 I - a +2 plate armour of fire resistance
Jewellery
 q - a ring of positive energy (left hand)
 F - an uncursed ring of poison resistance {unknown}
Wands
 B - a wand of iceblast (6)
Scrolls
 i - 3 scrolls of identify
 l - a scroll of enchant armour
 s - a scroll of brand weapon {unknown}
 t - 5 scrolls of teleportation
 y - 2 scrolls of enchant weapon {unknown}
 A - a scroll of holy word {unknown}
 D - a scroll of fog
 E - a scroll of blinking {unknown}
Potions
 c - 6 potions of curing
 f - 2 potions of resistance {unknown}
 g - 4 potions of brilliance {unknown}
 h - a potion of flight {unknown}
 j - a potion of might {unknown}
 m - 4 potions of haste {unknown}
 n - a potion of degeneration {unknown}
 o - 2 potions of heal wounds {unknown}
 p - 3 potions of cancellation {unknown}
 w - a potion of berserk rage {unknown}
 x - a potion of magic {unknown}
Books
 a - a book of Changes

   Spells                             Type                      Level
   a - Beastly Appendage              Transmutation                1
   b - Sticks to Snakes               Transmutation                2
   c - Spider Form                    Transmutation/Poison         3
   d - Ice Form                       Ice/Transmutation            4
   e - Blade Hands                    Transmutation                5
   Trog disapproves of the use of such an item.
Comestibles
 e - 19 rations
 G - a chunk of flesh


   Skills:
 + Level 13.6 Fighting
 - Level 18.0 Axes
 - Level 2.4 Armour
 - Level 2.1 Dodging


You had 11 spell levels left.
You didn't know any spells.

Dungeon Overview and Level Annotations

Branches:
Dungeon (11/15)            Temple (0/1) D:4            Lair (1/6) D:11
    Orc: D:9-12

Altars:
Cheibriados
Kikubaaqudgha
Trog
Vehumet

Shops:
D:4 ?   D:7 :

Portals:
Ossuary: D:5

Annotations:
D:4 exclusion: statue


Innate Abilities, Weirdness & Mutations

You reflexively headbutt those who attack you in melee.
You have a pair of horns on your head.


Message History

The salamander hits you but does no damage.
The salamander hits you with an enchanted glaive.
* * * LOW HITPOINT WARNING * * *
You are engulfed in flames!
* * * LOW HITPOINT WARNING * * *
You slice the salamander!! You freeze the salamander!
You headbutt the salamander.
The salamander is heavily wounded.
You slash the salamander! You freeze the salamander.
You barely miss the salamander.
The salamander is heavily wounded.
You barely miss the salamander. The salamander hits you.
* * * LOW HITPOINT WARNING * * *
You are engulfed in flames!
* * * LOW HITPOINT WARNING * * *
You hit the salamander. You freeze the salamander.
The salamander is severely wounded.
You slice the salamander!! You freeze the salamander.
The salamander hits you with an enchanted glaive.
You die...

## ######## ###.####
###(((#.?##
........###..##)@N.)#
§§§§§§.§...#####N.)$/#
§§§§≈.§..### #≈≈.$≈≈#
§≈§§§§≈....# ##≈≈≈≈≈#
§§§§≈≈§...## #§≈≈##
≈≈§§§≈≈....# #≈≈#
§≈§§§≈.....# ≈##
§§§§§...#.## ##
.§§.)....## ###


You could see 2 salamanders.

Vanquished Creatures
  A two-headed ogre (D:9)
  A hell knight (Volcano)
  The ghost of SpeedyPerson7 the Cleaver, a novice MiBe of Trog (D:9)
  A salamander mystic (Volcano)
  Pikel (D:4)
  3 salamanders (Volcano)
  A black mamba (Lair:1)
  A spiny frog (Lair:1)
  2 trolls (D:9)
  3 hippogriffs
  A shadow (D:9)
  21 yaks
  A wyvern (D:8)
  A basilisk (Lair:1)
  A hungry ghost (D:9)
  A steam dragon (D:8)
  Menkaure (D:6)
  4 water moccasins
  3 orc warriors
  4 porcupines
  2 ice beasts
  4 sky beasts
  An eye of draining (D:11)
  4 slaves (D:4)
  3 phantoms
  4 black bears
  A necrophage (D:5)
  6 ogres
  3 wolves (D:11)
  2 centaurs
  4 crocodiles (D:11)
  A big kobold (D:8)
  Blork the orc (D:5)
  5 bullfrogs
  4 scorpions
  6 killer bees (D:11)
  3 wights (D:7)
  2 crimson imps
  5 howler monkeys
  A centaur zombie (D:6)
  5 hounds
  3 quasits
  3 orc priests
  3 jellies
  A gnoll shaman (D:9)
  2 bullfrog skeletons
  5 orc wizards
  2 centaur skeletons
  5 iguanas
  6 worker ants
  3 hound skeletons
  7 gnolls
  6 adders
  2 shadow imps (D:9)
  An adder zombie (D:5)
  A worm (D:4)
  3 dart slugs
  3 leopard geckos
  20 orcs
  5 giant cockroaches
  11 goblins
  6 hobgoblins
  6 jackals (D:6)
  11 kobolds
  4 quokkas
  4 bats
  4 frilled lizards
  2 jackal skeletons
  A leopard gecko skeleton (D:4)
  7 rats (D:1)
  2 plants (D:11)
259 creatures vanquished.

Vanquished Creatures (collateral kills)
  The ghost of Daviar the Poker, a novice BaSk (D:7)
1 creature vanquished.

Grand Total: 260 creatures vanquished

Notes
Turn   | Place    | Note
-------+----------+-------------------------------------------
     0 | D:1      | SpeedyPerson7 the Minotaur Berserker began the quest for the Orb.
     0 | D:1      | Reached XP level 1. HP: 19/19 MP: 0/0
    87 | D:1      | Reached skill level 4 in Axes
   111 | D:1      | Reached XP level 2. HP: 25/27 MP: 1/1
   552 | D:2      | Reached XP level 3. HP: 33/33 MP: 2/2
   627 | D:2      | Reached skill level 5 in Axes
   818 | D:2      | Reached ** piety under Trog
  1040 | D:3      | Reached XP level 4. HP: 16/41 MP: 3/3
  1321 | D:3      | Noticed a bullfrog
  1325 | D:3      | Killed a bullfrog
  1325 | D:3      | Reached skill level 6 in Axes
  1341 | D:3      | Found an ancient bone altar of Kikubaaqudgha.
  1346 | D:3      | Reached XP level 5. HP: 46/47 MP: 4/4
  1370 | D:4      | Reached skill level 5 in Fighting
  1376 | D:4      | Noticed a phantom
  1390 | D:4      | Found a snail-covered altar of Cheibriados.
  1405 | D:4      | Killed a phantom
  1440 | D:4      | Noticed a slave
  1442 | D:4      | Noticed a slave
  1443 | D:4      | Noticed a slave
  1443 | D:4      | Noticed a slave
  1445 | D:4      | Noticed Pikel
  1451 | D:4      | Killed a slave
  1453 | D:4      | Killed a slave
  1454 | D:4      | Killed a slave
  1455 | D:4      | Killed a slave
  1459 | D:4      | Reached skill level 7 in Axes
  1459 | D:4      | Reached XP level 6. HP: 54/56 MP: 5/5
  1464 | D:4      | Killed Pikel
  1464 | D:4      | Reached skill level 9 in Axes
  1464 | D:4      | Reached XP level 7. HP: 61/64 MP: 6/6
  1533 | D:4      | Found a radiant altar of Vehumet.
  1597 | D:4      | Found a staircase to the Ecumenical Temple.
  1654 | D:4      | Found Witwal's Magic Scroll Shoppe.
  1657 | D:4      | Bought a scroll of teleportation for 39 gold pieces
  1657 | D:4      | Bought a scroll of teleportation for 39 gold pieces
  1745 | D:5      | Entered Level 5 of the Dungeon
  1757 | D:5      | Reached *** piety under Trog
  1757 | D:5      | Reached XP level 8. HP: 68/72 MP: 7/7
  1768 | D:5      | Reached skill level 10 in Axes
  1968 | D:5      | Found a sand-covered staircase.
  2057 | D:5      | Noticed Blork the orc
  2065 | D:5      | Killed Blork the orc
  2152 | D:5      | Found a bloodstained altar of Trog.
  2226 | D:6      | Noticed Menkaure
  2233 | D:6      | Killed Menkaure
  2233 | D:6      | Reached skill level 11 in Axes
  2793 | D:7      | Reached **** piety under Trog
  2798 | D:7      | Reached XP level 9. HP: 81/81 MP: 8/8
  2922 | D:7      | Reached skill level 12 in Axes
  2948 | D:7      | Found Tableil's Book Shoppe.
  3106 | D:7      | Noticed Daviar's ghost (novice BaSk)
  3173 | D:7      | Killed Daviar's ghost
  3689 | D:8      | Reached skill level 13 in Axes
  3725 | D:8      | Reached skill level 10 in Fighting
  4543 | D:9      | Noticed a troll
  4552 | D:9      | Killed a troll
  4552 | D:9      | Reached XP level 10. HP: 93/93 MP: 9/9
  4596 | D:9      | Reached skill level 14 in Axes
  5137 | D:9      | Noticed a two-headed ogre
  5143 | D:9      | Killed a two-headed ogre
  5247 | D:9      | Reached skill level 15 in Axes
  5555 | D:9      | Noticed SpeedyPerson7's ghost (novice MiBe)
  5574 | D:9      | Killed SpeedyPerson7's ghost
  5686 | D:10     | Entered Level 10 of the Dungeon
  5842 | D:10     | Reached XP level 11. HP: 90/103 MP: 10/10
  6043 | D:10     | Reached ***** piety under Trog
  6043 | D:10     | Reached skill level 16 in Axes
  6339 | D:11     | Received a gift from Trog
  6832 | D:11     | Found a staircase to the Lair.
  6923 | Lair:1   | Entered Level 1 of the Lair of Beasts
  6940 | Lair:1   | Reached skill level 17 in Axes
  7538 | Lair:1   | Found a dark tunnel.
  7567 | Volcano  | Entered a volcano
  7587 | Volcano  | Noticed a hell knight
  7596 | Volcano  | Killed a hell knight
  7677 | Volcano  | Reached XP level 12. HP: 47/114 MP: 11/11
  7818 | Volcano  | Reached skill level 18 in Axes
  7822 | Volcano  | HP: 5/171 [salamander (11)]
  7823 | Volcano  | Slain by a salamander

Vault maps used:
D:1:      minmay_arrival_split_and_join
D:2:      gammafunk_temple_overflow_statue, makhleb_heckhound_becter
D:3:      kiku_gazebo_garden_becter
D:4:      vehumet_statue, nicolae_overflow_crystal_walls,
          minmay_temple_entry_mist, serial_shops, shop, first_ration,
          gup_sewer_entry_pipe, minmay_ogre_servants, uniq_pikel
D:5:      nicolae_overflow_hidden_temple, enter_ossuary_1, uniq_blork_the_orc
D:6:      uniq_menkaure
D:7:      serial_shops, shop, grunt_ogre_cave
D:11:     minmay_lair_entry_grove
Lair:1:   enter_volcano_2
Volcano:  volcano_pools

Skill      XL: |  1  2  3  4  5  6  7  8  9 10 11 12 |
---------------+-------------------------------------+-----
Axes           | 4 5 6 7 9 11 13 15 17 18 | 18.0
Fighting       | 4 5 6 7 8 10 12 13 | 13.6
Armour         | |  2.4
Dodging        | |  2.1

Action                   |  1- 3 |  4- 6 |  7- 9 | 10-12 || total
-------------------------+-------+-------+-------+-------++-------
Melee: Hand axe          |    59 |    48 |   362 |   157 ||   626
       Headbutt          |    11 |     5 |    68 |    75 ||   159
       Battleaxe         |       |       |       |   114 ||   114
       Broad axe         |       |       |       |    50 ||    50
       War axe           |       |       |       |    41 ||    41
Invok: Berserk           |       |     1 |     6 |    10 ||    17
       Trog's Hand       |       |       |     1 |     1 ||     2
       Brothers in Arms  |       |       |     1 |       ||     1
  Use: Scroll            |       |       |     9 |     2 ||    11
  Eat: Chunk             |       |     1 |    16 |    14 ||    31
       Ration            |       |       |     1 |     3 ||     4
Armor: Plate armour      |    27 |    37 |   189 |   188 ||   441
       Animal skin       |     1 |       |       |       ||     1
Dodge: Dodged            |    34 |    22 |    86 |    89 ||   231

Table legend:
 A = Spawn XP
 B = Non-spawn XP
 C = Spawn XP percentage of total XP
 D = Spawn monster count
 E = Non-spawn monster count
 F = Spawn count percentage of total count
 G = Total turns spent on level
                    A         B        C        D         E        F      G
               +---------+---------+-------+---------+---------+-------+---------
         Total |       0 |   22635 |   0.0 |       0 |     254 |   0.0 |  7823
               +---------+---------+-------+---------+---------+-------+---------
           D:1 |       0 |      36 |   0.0 |       0 |      15 |   0.0 |   520
           D:2 |       0 |      53 |   0.0 |       0 |      15 |   0.0 |   423
           D:3 |       0 |     111 |   0.0 |       0 |       7 |   0.0 |   411
           D:4 |       0 |    1156 |   0.0 |       0 |      26 |   0.0 |   391
           D:5 |       0 |     653 |   0.0 |       0 |      16 |   0.0 |   464
           D:6 |       0 |     644 |   0.0 |       0 |      18 |   0.0 |   539
           D:7 |       0 |    1467 |   0.0 |       0 |      19 |   0.0 |   934
           D:8 |       0 |    1240 |   0.0 |       0 |      20 |   0.0 |   815
           D:9 |       0 |    4071 |   0.0 |       0 |      34 |   0.0 |  1189
          D:10 |       0 |    2328 |   0.0 |       0 |      28 |   0.0 |   766
          D:11 |       0 |    3555 |   0.0 |       0 |      32 |   0.0 |   471
        Lair:1 |       0 |    4106 |   0.0 |       0 |      19 |   0.0 |   644
       Volcano |       0 |    3215 |   0.0 |       0 |       5 |   0.0 |   256
               +---------+---------+-------+---------+---------+-------+---------
